 Dungeon Crawl Stone Soup version 0.30-a0-4-ga7cffc901d (webtiles) character file.

Game seed: 17200931582241516900

467 Misha the Poker (level 7, -6/52 HPs)
             Began as a Merfolk Gladiator on Aug 22, 2022.
             Mangled by Edmund
             ... wielding a +5 flail of protection
              (13 damage)
             ... on level 4 of the Dungeon.
             The game lasted 00:04:50 (3346 turns).

Misha the Poker (Merfolk Gladiator)                 Turns: 3346, Time: 00:04:50

Health: -6/52      AC:  0    Str: 17    XL:     7   Next: 8%
Magic:  7/7        EV: 24    Int:  7    God:
Gold:   309        SH:  0    Dex: 20    Spells: 6/6 levels left

rFire   . . .      SeeInvis .    (weapon currently unavailable)
rCold   . . .      Faith    .    (shield currently unavailable)
rNeg    . . .      Spirit   .    (body armour currently unavailable)
rPois   .          Reflect  .    (helmet currently unavailable)
rElec   .          Harm     .    (cloak currently unavailable)
rCorr   .          Rampage  .    (gloves currently unavailable)
Will    .....                    (boots currently unavailable)
Stlth   ++........               (no amulet)
HPRegen 0.17/turn                (ring currently unavailable)
MPRegen 0.10/turn                (ring currently unavailable)

@: bat-form, flying, very quick
A: fast, flying, no casting, tiny, (nimble swimmer 2), (mertail)
a: no special abilities


You were on level 4 of the Dungeon.
You were a bat.
You visited 1 branch of the dungeon, and saw 4 of its levels.

You collected 309 gold pieces.

Inventory:

Hand Weapons
 a - a +0 trident (melded)
Missiles
 d - 3 throwing nets (quivered)
 e - a javelin
Armour
 b - a +0 leather armour (melded)
 c - a +1 helmet (melded)
 k - a +1 pair of gloves (melded)
Jewellery
 f - a +6 ring of intelligence
Scrolls
 g - 3 scrolls of identify
 i - a scroll of enchant weapon {unknown}
 l - a scroll of brand weapon {unknown}
 m - a scroll of teleportation
Potions
 h - a potion of invisibility
 j - a potion of brilliance {unknown}


   Skills:
 + Level 3.1 Fighting
 + Level 7.2 Polearms
 + Level 2.2 Throwing
 + Level 2.0 Armour
 + Level 5.8 Dodging
 + Level 2.3 Stealth


You had 6 spell levels left.
You didn't know any spells.
Your spell library contained the following spells:

 Spells                   Type           Power      Damage    Failure   Level
 Blink                    Tloc           0%         N/A       56%         2
 Conjure Flame            Conj/Fire      0%         6-21      80%         3
 Ignite Poison            Fire/Tmut/Pois 0%         N/A       80%         3
 Stone Arrow              Conj/Erth      0%         3d7       80%         3
 Animate Armour           Summ/Erth      0%         N/A       99%         4
 Fulminant Prism          Conj/Hex       0%         3d6       99%         4
 Iskenderun's Mystic Bla  Conj/Tloc      0%         2d3       99%         4
 Sticky Flame             Conj/Fire      0%         2d3       99%         4
 Lee's Rapid Deconstruct  Erth           0%         3d5*      100%        5
 Manifold Assault         Tloc           0%         N/A       100%        5
 Storm Form               Tmut/Air       0%         N/A       100%        7
 Lehudib's Crystal Spear  Conj/Erth      0%         10d2      100%        8


Dungeon Overview and Level Annotations

Branches:
Dungeon (4/15)
 Temple: D:4-7

Altars:
Gozag

Shops:
D:4 :

Annotations:
D:4 Edmund


Innate Abilities, Weirdness & Mutations

You are a bat.
You are tiny and dextrous.
You move quickly.
You are flying.
Your equipment is almost entirely melded.
You are incapable of wielding weapons or throwing items.
You cannot cast spells.
((You are very nimble when in or above water. (Stealth+, EV+, Speed+++)))
((Your lower body shifts to a powerful aquatic tail in water.))


Message History

You hit Edmund.
Edmund is severely wounded.
Edmund hits you with a +5 flail of protection!
You hit Edmund.
Edmund is severely wounded.
Edmund zaps a wand.
You resist with some effort.
You hit Edmund but do no damage.
Edmund is severely wounded.
Edmund hits you with a +5 flail of protection.
You barely miss Edmund.
Edmund is severely wounded.
Edmund hits you with a +5 flail of protection.
You closely miss Edmund.
Edmund is severely wounded.
Edmund barely misses you.
You hit Edmund.
Edmund is severely wounded.
Edmund hits you but does no damage.
You barely miss Edmund.
Edmund is severely wounded.
You hit Edmund.
Edmund is severely wounded.
Edmund zaps a wand.
You turn into a bat.
Your +0 trident melds into your body.
Your +1 helmet melds into your body.
Your +1 pair of gloves melds into your body.
Your +0 leather armour melds into your body.
You hit Edmund.
Edmund is severely wounded.
Edmund hits you with a +5 flail of protection!
* * * LOW HITPOINT WARNING * * *
You hit Edmund but do no damage.
Edmund is severely wounded.
Edmund misses you.
You barely miss Edmund.
Edmund is severely wounded.
Edmund misses you.
You barely miss Edmund.
Edmund is severely wounded.
Edmund hits you with a +5 flail of protection!
You die...

#..
#.#
#.#
...
#.#
#J#
##@##
#.b.#
#...#
#...#
##.##
#.#
#.#
#.#
#.#
#.#


You could see Edmund and an endoplasm.

Vanquished Creatures
  Grinder (D:3)
  A necrophage (D:4)
  A hound (D:4)
  Natasha (D:4)
  2 iguanas (D:4)
  4 adders
  3 worms
  3 dart slugs
  An orc (D:3)
  7 bats
  6 endoplasms
  4 giant cockroaches
  5 goblins
  2 kobolds
  6 quokkas
  8 ball pythons
  3 frilled lizards (D:2)
  4 rats
62 creatures vanquished.

Vanquished Creatures (others)
  A fungus (D:1)
  3 toadstools (D:1)
4 creatures vanquished.

Grand Total: 66 creatures vanquished

Notes
Turn   | Place    | Note
-------+----------+-------------------------------------------
     0 | D:1      | Misha the Merfolk Gladiator began the quest for the Orb.
     0 | D:1      | Reached XP level 1. HP: 16/16 MP: 1/1
   121 | D:1      | Reached XP level 2. HP: 20/22 MP: 2/2
   690 | D:2      | Reached XP level 3. HP: 26/27 MP: 3/3
  1607 | D:2      | Reached skill level 5 in Polearms
  1624 | D:2      | Reached XP level 4. HP: 25/34 MP: 4/4
  1994 | D:3      | Found an opulent altar of Gozag.
  2074 | D:3      | Noticed Grinder
  2097 | D:3      | Paralysed by Grinder for 4 turns
  2104 | D:3      | Killed Grinder
  2105 | D:3      | Reached skill level 6 in Polearms
  2105 | D:3      | Reached skill level 1 in Armour
  2105 | D:3      | Reached skill level 5 in Dodging
  2105 | D:3      | Reached skill level 1 in Stealth
  2105 | D:3      | Reached XP level 5. HP: 10/40 MP: 5/5
  2105 | D:3      | Reached XP level 6. HP: 11/46 MP: 6/6
  2422 | D:3      | Identified the +12 short sword of the Mouth {speed, rPois
                  | rC++}
  3017 | D:4      | Found Patsekuc's Book Shop.
  3095 | D:4      | Noticed Natasha
  3101 | D:4      | Killed Natasha
  3197 | D:4      | Reached skill level 7 in Polearms
  3197 | D:4      | Reached XP level 7. HP: 42/52 MP: 7/7
  3323 | D:4      | Noticed Edmund
  3346 | D:4      | Mangled by Edmund

Illustrated notes

Levels and vault maps discovered:
D:1:      dpeg_arrival_rooms_with_view, layout_loops_ring,
          minmay_gold_behind_fungi
D:2:      layout_basic
D:3:      layout_loops_corners, nicolae_gozag_seed_capital, minivault_19,
          uniq_grinder
D:4:      layout_loops_ring, serial_shops, shop_statue, uniq_natasha,
          uniq_edmund

Skill      XL: |  1  2  3  4  5  6  7 |
---------------+----------------------+-----
Polearms       | 5 6 7 |  7.2
Armour         | 1 2 |  2.0
Dodging        | 5 |  5.8
Stealth        | 1 2 |  2.3
Fighting       | 3 |  3.1
Throwing       | |  2.2

Action                   |  1- 3 |  4- 6 |  7- 9 || total
-------------------------+-------+-------+-------++-------
Melee: Trident           |   132 |   104 |    17 ||   253
       Punch             |       |     1 |       ||     1
       Unarmed           |       |       |     4 ||     4
Throw: Throwing net      |       |     1 |       ||     1
  Use: Scroll            |     4 |       |       ||     4
       Potion            |       |     3 |       ||     3
 Stab: Sleeping          |     3 |     6 |       ||     9
       Invisible         |       |     2 |       ||     2
       Distracted        |       |     1 |       ||     1
Armor: Leather armour    |    36 |    22 |     1 ||    59
Dodge: Dodged            |    81 |    40 |     5 ||   126

Table legend: (Time is in decaauts)
 A = Elapsed time spent in this place.
 B = Non-inter-level travel time spent in this place.
 C = Inter-level travel time spent in this place.
 D = Time resting spent in this place.
 E = Time spent auto-exploring this place.
 F = Levels seen in this place.
 G = Mean time per level.
                   A        B        C        D        E       F      G
               +--------+--------+--------+--------+--------+-----+--------+
         Total |   3350 |   3275 |     75 |    518 |   2163 |   4 |  837.5 |
       Dungeon |   3350 |   3275 |     75 |    518 |   2163 |   4 |  837.5 |
               +--------+--------+--------+--------+--------+-----+--------+

Top non-repeatable levels by time:
     D:2: 1182 daAuts
     D:3: 1140 daAuts
     D:1: 682 daAuts
     D:4: 345 daAuts
